 Dungeon Crawl Stone Soup version 0.30.1-11-g7821555f0a (webtiles) character file.

Game seed: 15186419365248910199

456 AppTheSpectato the Shooter (level 7, 0/52 HPs)
             Began as a Gnoll Wanderer on Nov 3, 2023.
             Shot with an arrow by a centaur (3 damage)
             ... on level 5 of the Dungeon.
             The game lasted 00:09:39 (3434 turns).

AppTheSpectato the Shooter (Gnoll Wanderer)         Turns: 3434, Time: 00:09:39

Health: 0/52       AC:  3    Str:  9    XL:     7   Next: 6%
Magic:  15/15      EV: 12    Int: 13    God:
Gold:   161        SH:  0    Dex: 14    Spells: 17/17 levels left

rFire   . . .        a - +3 sling
rCold   + . .        (no shield)
rNeg    . . .        c - +0 robe
rPois   .            q - +0 helmet
rElec   .            (no cloak)
rCorr   .            (no gloves)
SInv    +            (no boots)
Will    .....        h - amulet of regeneration
Stlth   +            m - ring of see invisible
HPRegen 1.08/turn    s - ring of protection from cold
MPRegen 0.14/turn

%: no passive effects
@: silenced
A: fangs 1, strong nose, distributed training
a: no special abilities


You were on level 5 of the Dungeon.
You visited 1 branch of the dungeon, and saw 5 of its levels.

You collected 161 gold pieces.

Inventory:

Hand Weapons
 a - a +3 sling (weapon)
 C - a +1 antimagic dagger
Missiles
 f - 4 javelins
 u - 10 poisoned darts
Armour
 c - a +0 robe (worn)
 q - a +0 helmet (worn)
Jewellery
 h - an amulet of regeneration (around neck)
 i - an amulet of magic regeneration
 m - a ring of see invisible (left hand)
 s - a ring of protection from cold (right hand)
 x - a ring of protection from cold
 z - a ring of willpower
Wands
 A - a wand of light (15)
Scrolls
 d - a scroll of magic mapping
 r - a scroll of vulnerability {unknown}
 w - a scroll of noise {unknown}
 y - 2 scrolls of blinking
Potions
 e - 3 potions of mutation
 g - 2 potions of flight
 j - 2 potions of curing {unknown}
 k - a potion of might {unknown}
 o - a potion of ambrosia {unknown}
 p - 3 potions of attraction
 t - 2 potions of berserk rage
 v - a potion of invisibility {unknown}
 D - 2 potions of degeneration {unknown}


   Skills:
 + Level 3.5 Fighting
 + Level 2.3 Short Blades
 + Level 2.3 Long Blades
 + Level 2.3 Axes
 + Level 2.3 Maces & Flails
 + Level 2.3 Polearms
 + Level 2.3 Staves
 + Level 7.0 Ranged Weapons
 + Level 3.5 Throwing
 + Level 2.3 Armour
 + Level 2.3 Dodging
 + Level 2.3 Stealth
 + Level 2.3 Shields
 + Level 2.3 Unarmed Combat
 + Level 5.5 Spellcasting
 + Level 1.9 Conjurations
 + Level 1.9 Hexes
 + Level 1.9 Summonings
 + Level 1.9 Necromancy
 + Level 4.2 Translocations
 + Level 1.9 Transmutations
 + Level 1.9 Fire Magic
 + Level 1.9 Ice Magic
 + Level 1.9 Air Magic
 + Level 1.9 Earth Magic
 + Level 1.9 Poison Magic
 + Level 2.5 Invocations
 + Level 3.5 Evocations


You had 17 spell levels left.
You didn't know any spells.
Your spell library contained the following spells:

 Spells                   Type           Power      Damage    Failure   Level
 Lesser Beckoning         Tloc           28%        N/A       4%          2
 Momentum Strike          Conj/Tloc      22%        3d8       8%          2
 Kiss of Death            Conj/Necr      32%        2d7       9%          1
 Sublimation of Blood     Necr           8%         N/A       12%         2
 Wereblood                Tmut           8%         N/A       12%         2
 Portal Projectile        Hex/Tloc       22%        N/A       16%         3
 Confusing Touch          Hex            8%         N/A       24%         3
 Tukima's Dance           Hex            8%         N/A       24%         3
 Dispel Undead            Necr           8%         3d8       63%         4
 Blade Hands              Tmut           4%         N/A       92%         5
 Summon Hydra             Summ           4%         N/A       100%        7


Dungeon Overview and Level Annotations

Branches:
Dungeon (5/15)
 Temple: D:4-7

Altars:
Dithmenos
Elyvilon
Fedhas
Xom
Yredelemnul
Zin

Annotations:
D:4 2 transporters, ShellytheWitch's ghost, amateur KoBr
D:5 Pikel


Innate Abilities, Weirdness & Mutations

You have very sharp teeth.
Your uncanny sense of smell can sniff out nearby items.
Your experience applies equally to all skills.


Message History

The sling bullet barely misses the centaur.
The centaur shoots an arrow.
The arrow hits you! The arrow burns you.
You are too injured to fight recklessly!
Something unseen breaks down the door.
The centaur shoots an arrow.
The arrow barely misses you.
You are too injured to fight recklessly!
Okay, then.
As you read the scroll of fog, it crumbles to dust.
The scroll dissolves into smoke.
The centaur shoots an arrow.
The arrow closely misses you.
The centaur shoots an arrow.
The arrow barely misses you.
The centaur shoots an arrow.
The arrow barely misses you.
The centaur shoots an arrow.
The arrow closely misses you.
You see here a +0 scale mail.
The centaur shoots an arrow.
The arrow misses you.
The centaur shoots an arrow.
The arrow hits you. The arrow burns you.
The centaur shoots an arrow.
The arrow hits you! The arrow burns you.
* * * LOW HITPOINT WARNING * * *
The centaur shoots an arrow.
The arrow hits you.
* * * LOW HITPOINT WARNING * * *
The arrow burns you.
* * * LOW HITPOINT WARNING * * *
Blink to where?
Press: ? - help, Dir - move target, p - centaur
As you read the scroll labelled WODGHA MITOTH, it crumbles to dust.
It was a scroll of blinking.
As you read the scroll labelled DIOMEGG TEALO, it crumbles to dust.
You assume a fearsome visage.
The ice beast looks frightened!
It was a scroll of fear.
As you read the scroll labelled UTOMAES ZAENAL, it crumbles to dust.
The air around you briefly surges with heat, but it dissipates.
It was a scroll of immolation.
The centaur shoots an arrow.
The arrow barely misses you.
Okay, then.
As you read the scroll labelled XONLYD ULATS, it crumbles to dust.
A profound silence engulfs you.
It was a scroll of silence.
The centaur shoots an arrow.
The arrow hits you!
* * * LOW HITPOINT WARNING * * *
The arrow burns you.
You die...

###'#.##..###
∆#......c....#
∆∆
#.####.####.# #
#.##....$##.#
#.#.#§......#c#
#...#§§§....#.#
###.§.§._.....#
#.#§.§....#.# ∆
#.#.....@.#.#
.. ∆
#.##.....##..
... #.####.###
Y## ...# ...
..... .# #...#
#######... ##
###..#### ∆ ..
∆ ...[..$.#
#.... ###..
#...


You could see a centaur.

Vanquished Creatures
  Menkaure (D:5)
  A lemure (D:4)
  A hound (D:3)
  2 orc priests (D:4)
  2 orc wizards
  A sleepcap (D:5)
  An iguana (D:5)
  2 gnolls
  6 adders
  2 worms
  3 orcs
  7 ball pythons
  5 endoplasms
  4 giant cockroaches
  7 goblins
  4 hobgoblins
  A jackal (D:2)
  5 kobolds
  2 quokkas (D:1)
  8 bats
  8 rats
73 creatures vanquished.

Notes
Turn   | Place    | Note
-------+----------+-------------------------------------------
     0 | D:1      | AppTheSpectato the Gnoll Wanderer began the quest for the
                  | Orb.
     0 | D:1      | AppTheSpectato set off with the following items: a +3
                  | sling, a scroll of fog, a +0 robe; and the following spells
                  | available to memorise: Lesser Beckoning, Momentum Strike.
     0 | D:1      | Reached XP level 1. HP: 17/17 MP: 6/6
   227 | D:1      | Reached XP level 2. HP: 23/23 MP: 7/7
   556 | D:2      | Reached skill level 5 in Spellcasting
   556 | D:2      | Reached XP level 3. HP: 28/28 MP: 7/9
   621 | D:2      | Reached skill level 1 in Invocations
   860 | D:2      | Reached skill level 1 in Short Blades
   860 | D:2      | Reached skill level 1 in Long Blades
   860 | D:2      | Reached skill level 1 in Axes
   860 | D:2      | Reached skill level 1 in Maces & Flails
   860 | D:2      | Reached skill level 1 in Polearms
   860 | D:2      | Reached skill level 1 in Staves
   860 | D:2      | Reached skill level 1 in Armour
   860 | D:2      | Reached skill level 1 in Dodging
   860 | D:2      | Reached skill level 1 in Stealth
   860 | D:2      | Reached skill level 1 in Shields
   860 | D:2      | Reached skill level 1 in Unarmed Combat
   889 | D:2      | Reached XP level 4. HP: 26/34 MP: 11/11
  1250 | D:3      | Reached skill level 1 in Conjurations
  1250 | D:3      | Reached skill level 1 in Hexes
  1250 | D:3      | Reached skill level 1 in Summonings
  1250 | D:3      | Reached skill level 1 in Necromancy
  1250 | D:3      | Reached skill level 1 in Transmutations
  1250 | D:3      | Reached skill level 1 in Fire Magic
  1250 | D:3      | Reached skill level 1 in Ice Magic
  1250 | D:3      | Reached skill level 1 in Air Magic
  1250 | D:3      | Reached skill level 1 in Earth Magic
  1250 | D:3      | Reached skill level 1 in Poison Magic
  1903 | D:3      | Reached XP level 5. HP: 40/40 MP: 12/12
  2032 | D:3      | Noticed an orc warrior
  2665 | D:4      | Reached XP level 6. HP: 47/47 MP: 13/13
  2748 | D:4      | Found a shimmering altar of Xom.
  2748 | D:4      | Found a shadowy altar of Dithmenos.
  2762 | D:4      | Found a white marble altar of Elyvilon.
  2884 | D:4      | Found a transporter.
  2891 | D:4      | Noticed ShellytheWitch's ghost (amateur KoBr)
  3044 | D:4      | Found a transporter.
  3173 | D:5      | Entered Level 5 of the Dungeon
  3177 | D:5      | Noticed an ice beast
  3177 | D:5      | Noticed Pikel
  3248 | D:5      | Found a blossoming altar of Fedhas.
  3297 | D:5      | Noticed Menkaure
  3304 | D:5      | Killed Menkaure
  3329 | D:5      | Found a glowing silver altar of Zin.
  3385 | D:5      | Reached skill level 7 in Ranged Weapons
  3385 | D:5      | Reached XP level 7. HP: 35/52 MP: 15/15
  3403 | D:5      | Found a basalt altar of Yredelemnul.
  3434 | D:5      | Shot with an arrow by a centaur

Illustrated notes

Levels and vault maps discovered:
D:1:      dpeg_arrival_tiny_g, layout_basic
D:2:      layout_basic, grunt_ministairs_10, dk_vineyard_2,
          chequers_serial_rivers_large_b, minmay_between
D:3:      layout_basic, minmay_cupped
D:4:      layout_cave_pools, nicolae_overflow_crystal_walls,
          grunt_temple_overflow_open, gammafunk_ghost_stat_death, minivault_1,
          minivault_19
D:5:      layout_basic, zin_academy, pdpol_wu_jian_five_deadly_venoms,
          old_standard_altar, mainiacjoe_overflow_small_starburst,
          kennysheep_generic_room_14, uniq_ijyb, uniq_menkaure, uniq_pikel,
          uniq_sigmund

Skill      XL: |  1  2  3  4  5  6 |
---------------+-------------------+-----
Spellcasting   | 5 |  5.5
Invocations    | 1 2 |  2.5
Short Blades   | 1 2 |  2.3
Long Blades    | 1 2 |  2.3
Axes           | 1 2 |  2.3
Maces & Flails | 1 2 |  2.3
Polearms       | 1 2 |  2.3
Staves         | 1 2 |  2.3
Armour         | 1 2 |  2.3
Dodging        | 1 2 |  2.3
Stealth        | 1 2 |  2.3
Shields        | 1 2 |  2.3
Unarmed Combat | 1 2 |  2.3
Conjurations   | 1 |  1.9
Hexes          | 1 |  1.9
Summonings     | 1 |  1.9
Necromancy     | 1 |  1.9
Transmutations | 1 |  1.9
Fire Magic     | 1 |  1.9
Ice Magic      | 1 |  1.9
Air Magic      | 1 |  1.9
Earth Magic    | 1 |  1.9
Poison Magic   | 1 |  1.9
Fighting       | 3 |  3.5
Throwing       | 3 |  3.5
Translocations | 4 |  4.2
Evocations     | 3 |  3.5
Ranged Weapons | 7 |  7.0

Action                     |  1- 3 |  4- 6 |  7- 9 || total
---------------------------+-------+-------+-------++-------
  Melee: Sling             |       |     3 |       ||     3
   Fire: Sling             |    82 |   189 |     3 ||   274
    Use: Scroll            |       |     6 |     5 ||    11
 Armour: Robe              |     4 |    15 |       ||    19
  Dodge: Dodged            |    12 |    42 |     7 ||    61
